 Dungeon Crawl Stone Soup version 0.31-a0-150-g89dc3ad700 (webtiles) character file.

Game seed: 7138695187117921710

150 qw the Shooter (level 5, 0/46 HPs)
             Began as a Minotaur Hunter on June 8, 2023.
             Slain by a gnoll
             ... wielding a +0 club
             ... led by a gnoll sergeant
              (1 damage)
             ... on level 4 of the Dungeon.
             The game lasted 00:00:59 (2220 turns).

qw the Shooter (Minotaur Hunter)                    Turns: 2220, Time: 00:00:59

Health: 0/46       AC:  5    Str: 16    XL:     5   Next: 10%
Magic:  4/4        EV: 11    Int:  6    God:
Gold:   94         SH:  0    Dex: 15    Spells: 4/4 levels left

rFire   . . .        Y - +1 shortbow
rCold   . . .        (shield currently unavailable)
rNeg    . . .        f - +0 ring mail
rPois   .            (helmet restricted)
rElec   .            (no cloak)
rCorr   .            (no gloves)
SInv    .            (no boots)
Will    +....        (no amulet)
Stlth   +            e - ring of willpower
HPRegen 0.27/turn    (no ring)
MPRegen 0.09/turn

%: no passive effects
@: no status effects
A: horns 2, retaliatory headbutt
a: no special abilities


You were on level 4 of the Dungeon.
You visited 1 branch of the dungeon, and saw 4 of its levels.

You collected 94 gold pieces.


Innate Abilities, Weirdness & Mutations

You have a pair of horns on your head.
You reflexively headbutt those who attack you in melee.


   Skills:
 + Level 3.9 Fighting
 - Level 6.1 Ranged Weapons
 - Level 2.0 Armour
 - Level 2.1 Dodging
 - Level 0.7 Stealth


You had 4 spell levels left.
You didn't know any spells.
Your spell library was empty.

Inventory:

Hand Weapons
 Y - a +1 shortbow (weapon)
Armour
 f - a +0 ring mail (worn)
Jewellery
 c - a ring of see invisible
 e - a ring of willpower (left hand)
Scrolls
 a - 2 scrolls of identify
Potions
 b - a potion of haste {unknown}
 d - a potion of brilliance {unknown}
 i - 2 potions of curing

Dungeon Overview and Level Annotations

Branches:
Dungeon (4/15)
 Temple: D:4-7

Altars:
Hepliaklqana
Makhleb
Uskayaw
Xom


Message History

Enter note:
Enter note:
Enter note:
Enter note:
Enter note:
Enter note:
2210 ||| Stepping ~*~*~tactically~*~*~ (outnumbered).
A gnoll sergeant and a gnoll come into view.
The gnoll shouts!
2212 ||| Stepping ~*~*~tactically~*~*~ (outnumbered).
You shoot an arrow. The arrow hits the gnoll sergeant.
The gnoll sergeant is lightly wounded.
The gnoll sergeant closely misses you.
You shoot an arrow.
The arrow completely misses the gnoll sergeant.
The gnoll sergeant hits you from afar with a +0 spear.
The gnoll sergeant hits you from afar with a +0 spear!
You shoot an arrow. The gnoll shouts!
The arrow hits the gnoll sergeant.
The gnoll sergeant is lightly wounded.
The gnoll sergeant hits you from afar with a +0 spear.
You shoot an arrow. The arrow hits the gnoll sergeant.
The gnoll sergeant is moderately wounded.
The gnoll sergeant hits you from afar with a +0 spear.
You shoot an arrow. The arrow hits the gnoll sergeant.
The gnoll sergeant is moderately wounded.
The gnoll sergeant closely misses you.
You shoot an arrow. The arrow hits the gnoll.
The gnoll is moderately wounded.
The gnoll closely misses you.
The gnoll sergeant hits you from afar with a +0 spear.
You shoot an arrow. The arrow hits the gnoll.
The gnoll is heavily wounded.
The gnoll sergeant closely misses you.
You shoot an arrow. The arrow barely misses the gnoll.
The gnoll hits you with a +0 flail! The gnoll closely misses you.
The gnoll sergeant hits you from afar with a +0 spear!
The gnoll hits you with a +0 flail! The gnoll hits you with a +0 club.
You die...

##.#..##..........
##...##.......(....
#..####............
##.##.......###...#
#.#........##.....
#.#........#.8...8
#.#...............
#..#...........}.. ..?##
#@g##.............
.....#####g.#.......#.8...8
......g..gg.........##.....
....................###...#
...gg......#####..........#
.........# ##........##
##......# ##........#
##.<...# ##........
###....# ##........


You could see a gnoll sergeant and 3 gnolls.

Vanquished Creatures
  A jelly (D:4)
  An orc wizard (D:3)
  A gnoll (D:1)
  An adder (D:4)
  A worm (D:2)
  2 dart slugs
  9 orcs
  6 endoplasms
  5 giant cockroaches
  3 goblins
  4 hobgoblins
  5 kobolds
  2 quokkas
  4 ball pythons
  5 bats
  5 frilled lizards
  3 rats
58 creatures vanquished.

Notes
Turn   | Place    | Note
-------+----------+-------------------------------------------
     0 | D:1      | qw the Minotaur Hunter began the quest for the Orb.
     0 | D:1      | Reached XP level 1. HP: 18/18 MP: 0/0
     0 | D:1      | 0 ||| qw: Version: 0.2-a-119-g0488c42
     0 | D:1      | 0 ||| qw: Game counter: 2730
     0 | D:1      | 0 ||| qw: Always use a shield: true
     0 | D:1      | 0 ||| qw: God list: Okawaru
     0 | D:1      | 0 ||| qw: Allow faded altars: false
     0 | D:1      | 0 ||| qw: Do Orc after D:15 true
     0 | D:1      | 0 ||| qw: Do second Lair branch before Depths: true
     0 | D:1      | 0 ||| qw: Lair rune preference: random
     0 | D:1      | 0 ||| qw: Plans: Normal
     0 | D:1      | 0 ||| PLANNING D:1-11
   100 | D:1      | Reached skill level 5 in Ranged Weapons
   100 | D:1      | Reached XP level 2. HP: 12/25 MP: 1/1
   363 | D:1      | Reached skill level 3 in Fighting
   370 | D:1      | Found a faded altar of an unknown god.
   606 | D:1      | Reached XP level 3. HP: 31/31 MP: 2/2
   773 | D:1      | 773 ||| UPGRADING to ring of willpower.
   774 | D:1      | 774 ||| READING 2 scrolls labelled SITOYGAFOE.
   775 | D:1      | 775 ||| READING scroll labelled NEDOG VOLIATO.
   776 | D:1      | 776 ||| READING scroll labelled AHEAMNAHUS.
   777 | D:1      | 777 ||| DROPPING scroll of butterflies.
   779 | D:1      | 779 ||| Stepping ~*~*~tactically~*~*~ (cloud).
   784 | D:1      | HP: 7/31 [poisoned by you (poison gas)]
   789 | D:1      | HP: 3/31 [poisoned by you (poison gas)]
  1328 | D:3      | 1328 ||| STAIRDANCE
  1361 | D:3      | 1361 ||| STAIRDANCE
  1391 | D:3      | 1391 ||| STAIRDANCE
  1472 | D:3      | Reached skill level 6 in Ranged Weapons
  1472 | D:3      | Reached XP level 4. HP: 35/38 MP: 3/3
  1522 | D:3      | Found a hide-covered altar of Uskayaw.
  1564 | D:3      | Found a shimmering altar of Xom.
  1804 | D:3      | Found a hazy altar of Hepliaklqana.
  1861 | D:3      | Found a burning altar of Makhleb.
  1861 | D:3      | Noticed a blizzard demon
  1864 | D:3      | Noticed a hellwing
  1864 | D:3      | Noticed an orange demon
  1917 | D:3      | 1917 ||| UPGRADING to +0 ring mail.
  1927 | D:3      | 1927 ||| DROPPING +0 leather armour.
  1928 | D:3      | 1928 ||| READING scroll labelled QOADWIT SASTRYT.
  1929 | D:3      | 1929 ||| READING scroll labelled UCOIDE SUUZ.
  1930 | D:3      | 1930 ||| DRINKING 2 smoky dark potions.
  2035 | D:3      | 2035 ||| DRINKING 2 sapphire potions.
  2036 | D:3      | 2036 ||| DROPPING potion of berserk rage.
  2063 | D:4      | Reached XP level 5. HP: 46/46 MP: 4/4
  2210 | D:4      | 2210 ||| Stepping ~*~*~tactically~*~*~ (outnumbered).
  2212 | D:4      | 2212 ||| Stepping ~*~*~tactically~*~*~ (outnumbered).
  2220 | D:4      | HP: 8/46 [gnoll sergeant/+0 spear (10)]
  2220 | D:4      | HP: 1/46 [gnoll/+0 flail[a gnoll sergeant] (7)]
  2220 | D:4      | Slain by a gnoll

Levels and vault maps discovered:
D:1:      mrwooster_arrival_statue, layout_basic, ebering_ecumenical_altar_webs
D:2:      layout_rooms, minmay_misc_feat_cross
D:3:      layout_basic, lemuel_crystal_altar, nicolae_overflow_crystal_walls,
          mainiacjoe_overflow_chevrons, makhleb_altar_promises_db
D:4:      layout_layer_cave, serial_bayou_pond_d, wad_floor_pattern_untrapped,
          uniq_eustachio, uniq_sigmund

Skill      XL: |  1  2  3  4 |
---------------+-------------+-----
Ranged Weapons | 5 6 |  6.1
Fighting       | 3 |  3.9
Armour         | 2 |  2.0
Dodging        | |  2.1
Stealth        | |  0.7

Action                     |  1- 3 |  4- 6 || total
---------------------------+-------+-------++-------
   Fire: Shortbow          |   100 |    73 ||   173
    Use: Scroll            |     3 |     2 ||     5
         Potion            |       |     2 ||     2
 Armour: Leather armour    |     8 |     1 ||     9
         Ring mail         |       |     2 ||     2
  Dodge: Dodged            |    20 |    11 ||    31

Table legend:
 A = Non-vault XP
 B = Vault XP
 C = Vault XP percentage of total XP
 D = Non-vault monster count
 E = Vault monster count
 F = Vault count percentage of total count
                 A         B        C        D         E       F
            +---------+---------+-------+---------+---------+-------
      Total |     215 |       0 |   0.0 |      58 |       0 |   0.0
            +---------+---------+-------+---------+---------+-------
        D:1 |      45 |       0 |   0.0 |      18 |       0 |   0.0
        D:2 |      27 |       0 |   0.0 |      13 |       0 |   0.0
        D:3 |      78 |       0 |   0.0 |      22 |       0 |   0.0
        D:4 |      65 |       0 |   0.0 |       5 |       0 |   0.0
            +---------+---------+-------+---------+---------+-------
